 Dungeon Crawl Stone Soup version 0.30-a0-1043-g60ff8d5f49 (webtiles) character file.

Game seed: 13203574048755576593

779 DeathPants the Stinger (level 7, -1/55 HPs)
             Began as a Naga Venom Mage on Apr 10, 2023.
             Killed by divine providence
             ... invoked by an orc priest
              (15 damage)
             ... on level 5 of the Dungeon.
             The game lasted 00:19:56 (6149 turns).

DeathPants the Stinger (Naga Venom Mage)            Turns: 6149, Time: 00:19:57

Health: -1/55      AC:  6    Str: 10    XL:     7   Next: 85%
Magic:  5/23       EV: 10    Int: 17    God:
Gold:   186        SH:  0    Dex: 18    Spells: 5/15 levels left

rFire   . . .      SeeInvis +    n - +0 short sword
rCold   . . .      Faith    .    (no shield)
rNeg    . . .      Spirit   .    v - +1 robe of the Impish God {Will+}
rPois   +          Reflect  .    l - +0 helmet
rElec   .          Rampage  .    r - +0 cloak
rCorr   .                        (no gloves)
Will    +....                    (no barding)
Stlth   ++                       (no amulet)
HPRegen 0.29/turn                m - +6 ring of dexterity
MPRegen 0.18/turn                w - ring of magical power

@: very slightly contaminated, very slow
A: AC +2, large, see invisible, deformed body, poison resistance, slowness 2,
spit poison 1, naga tail 1
a: Spit Poison


You were on level 5 of the Dungeon.
You visited 1 branch of the dungeon, and saw 5 of its levels.

You collected 186 gold pieces.

Inventory:

Hand Weapons
 d - a +0 hand axe
 j - a +0 war axe
 n - a +0 short sword (weapon)
 A - a +2 whip of freezing
 E - a +2 flail of protection
Missiles
 a - 14 poisoned darts
 c - 3 javelins
 u - 6 boomerangs
Armour
 l - a +0 helmet (worn)
 r - a +0 cloak (worn)
 v - the +1 robe of the Impish God (worn) {Will+}
   (You found it on level 4 of the Dungeon)

   Will:      It increases your willpower.
Jewellery
 m - a +6 ring of dexterity (left hand)
 w - a ring of magical power (right hand)
Wands
 y - a wand of light (8)
 C - a wand of flame (11)
Scrolls
 e - 2 scrolls of identify
 i - a scroll of acquirement {unknown}
 o - a scroll of torment {unknown}
 p - a scroll of poison {unknown}
 q - a scroll of immolation {unknown}
 s - a scroll of teleportation {unknown}
 t - a scroll of enchant armour {unknown}
 D - a scroll of fear {unknown}
Potions
 b - a potion of magic
 f - 4 potions of curing
 g - 2 potions of attraction
 h - a potion of haste
 k - a potion of lignification
 x - a potion of flight
 z - a potion of mutation
 B - a potion of heal wounds
 F - a potion of ambrosia {unknown}


   Skills:
 - Level 1.5 Dodging
 - Level 3.0 Stealth
 + Level 4.8 Spellcasting
 - Level 4.0 Conjurations
 - Level 1.0 Transmutations
 - Level 4.0 Air Magic
 - Level 6.0 Poison Magic


You had 5 spell levels left.
You knew the following spells:

 Your Spells              Type           Power      Damage    Failure   Level
a - Sting                 Tmut/Pois      64%        1d6       3%          1
b - Poisonous Vapours     Pois/Air       42%        N/A       2%          2
c - Mephitic Cloud        Conj/Pois/Air  19%        N/A       6%          3
d - Olgreb's Toxic Radia  Pois           24%        N/A       12%         4

Your spell library contained the following spells:

 Spells                   Type           Power      Damage    Failure   Level


Dungeon Overview and Level Annotations

Branches:
Dungeon (5/15)
 Temple: D:4-7

Altars:
Ashenzari
Elyvilon
Makhleb
Qazlal
Uskayaw

Shops:
D:4 (

Annotations:
D:5 Sigmund


Innate Abilities, Weirdness & Mutations

Your serpentine skin is tough. (AC +2)
You have supernaturally acute eyesight. (SInv)
Armour fits poorly on your strangely shaped body.
Your system is resistant to poisons. (rPois)
You cover ground very slowly.
You can spit poison.
You have a snake-like lower body.


Message History

Aiming: Sting (safe; 3% risk of failure)
Press: ? - help, Q - select action, (/) - cycle Shift-Dir - straight line, f/p - iguana
Aim: an iguana (moderately wounded, poisoned, 77% to hit)
The sting hits the iguana but does no damage.
The iguana looks even sicker.
The iguana is moderately wounded.
The iguana closely misses you.
You hit the iguana but do no damage.
The iguana is moderately wounded.
An orc comes into view. It is wielding a +0 dagger.
The iguana bites you!
* * * LOW HITPOINT WARNING * * *
Casting: Sting (safe; 3% risk of failure)
Confirm with . or Enter, or press ? or * to list all spells.
Aiming: Mephitic Cloud (dangerous; 6% risk of failure)
Press: ? - help, Shift-Dir - straight line, f/p - iguana
Aim: an iguana (moderately wounded, very poisoned, chance to affect: 86%)
You miscast Mephitic Cloud.
You are very lightly contaminated with residual magic.
Nothing appears to happen.
The orc shouts!
The iguana barely misses you.
Casting: Mephitic Cloud (dangerous; 6% risk of failure)
Confirm with . or Enter, or press ? or * to list all spells.
Aiming: Mephitic Cloud (dangerous; 6% risk of failure)
Press: ? - help, Shift-Dir - straight line, f/p - iguana
Aim: an iguana (moderately wounded, very poisoned, chance to affect: 86%)
The ball explodes into a vile cloud!
The stinking cloud engulfs the iguana but does no damage.
The iguana is moderately wounded.
The stinking cloud engulfs the orc priest but does no damage.
The stinking cloud engulfs you but does no damage.
The orc shouts!
The iguana is engulfed in noxious fumes.
The iguana appears confused.
The iguana barely misses you.
The iguana bites itself!
You kill the iguana!
The orc priest calls down the wrath of Beogh upon you.
Beogh smites you!
You die...

.######.####.##
#.# .# #.# #..#
#.# . #.#####.####
#.# . ..##.......#
#.# . ......####.#
#.# .
.......#..#.# #.#
.
#...._.#.(#.####.#
......#.(#......#
.#...o####@####.#
##o.).o○.).# #.#
#...######.# #.#
..#.. .# #.# .#
... .# .#. ~P P P
~~ ≈≈


You could see 2 dancing weapons, an orc priest and 2 orcs.

Vanquished Creatures
  Duvessa (D:5)
  An orc warrior (D:5)
  A scorpion (D:4)
  Dowan (D:5)
  3 orc priests
  2 iguanas
  3 orc wizards
  Terence (D:2)
  4 gnolls (D:4)
  7 adders
  An ufetubus (D:4)
  2 worms (D:3)
  4 dart slugs
  25 orcs
  13 ball pythons
  10 bats
  16 endoplasms
  5 giant cockroaches
  5 goblins
  3 hobgoblins
  A jackal (D:3)
  2 quokkas (D:4)
  3 frilled lizards
  5 kobolds
  3 rats
122 creatures vanquished.

Vanquished Creatures (others)
  29 plants (D:5)
29 creatures vanquished.

Grand Total: 151 creatures vanquished

Notes
Turn   | Place    | Note
-------+----------+-------------------------------------------
     0 | D:1      | DeathPants the Naga Venom Mage began the quest for the Orb.
     0 | D:1      | Reached XP level 1. HP: 15/15 MP: 3/3
   110 | D:1      | Reached XP level 2. HP: 19/22 MP: 0/5
   113 | D:1      | Learned a level 2 spell: Poisonous Vapours
   204 | D:1      | Reached skill level 5 in Poison Magic
   485 | D:1      | Reached XP level 3. HP: 7/28 MP: 3/6
   606 | D:1      | Learned a level 3 spell: Mephitic Cloud
   965 | D:1      | Found a faded altar of an unknown god.
  1113 | D:2      | Reached skill level 6 in Poison Magic
  1163 | D:1      | Reached skill level 1 in Air Magic
  1292 | D:2      | Reached XP level 4. HP: 36/36 MP: 5/7
  1917 | D:2      | Noticed Terence
  1925 | D:2      | Killed Terence
  2321 | D:3      | Found a burning altar of Makhleb.
  2376 | D:2      | Reached XP level 5. HP: 39/42 MP: 4/8
  2739 | D:3      | Reached skill level 1 in Conjurations
  3091 | D:4      | Identified the +1 robe of the Impish God {Will+}
  3162 | D:3      | Reached XP level 6. HP: 49/49 MP: 6/9
  4152 | D:4      | Found a broken altar of Ashenzari.
  4701 | D:4      | Found a stormy altar of Qazlal.
  4723 | D:5      | Entered Level 5 of the Dungeon
  4724 | D:5      | Noticed Sigmund
  4876 | D:4      | Found Konuzurr's Weapon Emporium.
  4974 | D:4      | Found a white marble altar of Elyvilon.
  5044 | D:4      | Reached XP level 7. HP: 41/55 MP: 11/11
  5824 | D:4      | Learned a level 4 spell: Olgreb's Toxic Radiance
  5840 | D:5      | Noticed Dowan
  5850 | D:5      | Noticed Duvessa
  5921 | D:5      | Killed Dowan
  5929 | D:5      | Killed Duvessa
  6084 | D:5      | Noticed a +0 dagger
  6086 | D:5      | Noticed a +0 dagger
  6088 | D:5      | Found a hide-covered altar of Uskayaw.
  6149 | D:5      | Killed from afar by an orc priest

Illustrated notes

Levels and vault maps discovered:
D:1:      giann_horns, layout_basic, hellmonk_ecumenical_altar_heavens_door
D:2:      layout_loops_ring, chequers_serial_rivers_room_a, minmay_pentomino_p4,
          uniq_terence
D:3:      wad_river_or_something, layout_loops_cross,
          mainiacjoe_overflow_brackets
D:4:      layout_cave_pods, evilmike_ruin_ashenzari,
          nicolae_qazlal_general_emergency, nicolae_overflow_crystal_walls,
          nicolae_ossuary_entry_monument, serial_shops,
          nicolae_shop_bloodbath_and_beyond
D:5:      layout_loops_ring, dancing_weapons_uskayaw, kennysheep_mini,
          temple_pool_b, serial_bayou, serial_bayou_shore_a,
          serial_bayou_crossing, serial_bayou_shore_b, serial_bayou_lagoon_a,
          uniq_duvessa, uniq_eustachio, uniq_sigmund

Skill      XL: |  1  2  3  4  5  6  7 |
---------------+----------------------+-----
Poison Magic   | 5 6 |  6.0
Air Magic      | 1 3 4 |  4.0
Conjurations   | 1 4 |  4.0
Spellcasting   | 4 |  4.8
Dodging        | |  1.5
Stealth        | |  3.0
Transmutations | |  1.0

Action                     |  1- 3 |  4- 6 |  7- 9 || total
---------------------------+-------+-------+-------++-------
  Melee: Hand axe          |    57 |     1 |       ||    58
         Unarmed           |     1 |       |       ||     1
         Punch             |     1 |     1 |     1 ||     3
         Short sword       |       |   123 |    35 ||   158
   Cast: Sting             |    31 |   128 |    33 ||   192
         Poisonous Vapours |       |     5 |       ||     5
         Mephitic Cloud    |       |     3 |     8 ||    11
         Olgreb's Toxic Ra |       |       |     1 ||     1
Ability: Spit Poison       |       |     1 |       ||     1
    Use: Scroll            |     3 |     4 |       ||     7
   Stab: Sleeping          |     2 |     5 |       ||     7
         Confused          |       |       |     2 ||     2
 Armour: Robe              |    36 |    50 |    16 ||   102
  Dodge: Dodged            |    52 |    93 |    25 ||   170

Table legend: (Time is in decaauts)
 A = Elapsed time spent in this place.
 B = Non-inter-level travel time spent in this place.
 C = Inter-level travel time spent in this place.
 D = Time resting spent in this place.
 E = Time spent auto-exploring this place.
 F = Levels seen in this place.
 G = Mean time per level.
                   A        B        C        D        E       F      G
               +--------+--------+--------+--------+--------+-----+--------+
         Total |   7352 |   7189 |    163 |   1575 |   4040 |   5 | 1470.4 |
       Dungeon |   7352 |   7189 |    163 |   1575 |   4040 |   5 | 1470.4 |
               +--------+--------+--------+--------+--------+-----+--------+

Top non-repeatable levels by time:
     D:4: 2259 daAuts
     D:2: 1831 daAuts
     D:3: 1664 daAuts
     D:1: 1383 daAuts
     D:5: 213 daAuts
